 Dungeon Crawl Stone Soup version 0.19-a0-139-gefc6d61 (webtiles) character file.

21563 Kidiri the Arsonist (level 12, -2/80 HPs)
             Began as a High Elf Fire Elementalist on May 17, 2016.
             Was an Elder of Vehumet.
             Slain by a seven-headed hydra (16 damage)
             ... on level 3 of the Lair of Beasts.
             The game lasted 01:09:01 (24909 turns).

Kidiri the Arsonist (High Elf Fire Elementalist)   Turns: 24909, Time: 01:09:01

Health: -2/80      AC: 11    Str:  7    XL:     12   Next: 55%
Magic:  26/26      EV: 18    Int: 29    God:    Vehumet [****..]
Gold:   712        SH:  0    Dex: 18    Spells: 9 memorised, 3 levels left

rFire  . . .     SeeInvis .     U - -2 rod of clouds (10/10)
rCold  . . .     Gourm    +     t - +3 leather armour
rNeg   . . .     Faith    .     (no shield)
rPois  .         Spirit   .     (no helmet)
rElec  .         Dismiss  .     Q - +1 cloak "Eckaff" {Int+3}
rCorr  +         Reflect  .     (no gloves)
SustAt .         Harm     .     (no boots)
MR     +....     Clarity  +     H - amulet of the gourmand
Stlth  ++........               m - +3 ring of intelligence
                                q - ring of resist corrosion

@: about to teleport, somewhat resistant to hostile enchantments, unstealthy
A: yellow scales 1, blink, clarity, mutation resistance 1, wild magic 1
a: Blink, Renounce Religion


You were on level 3 of the Lair of Beasts.
You worshipped Vehumet.
Vehumet was greatly pleased with you.
You were completely stuffed.

You visited 3 branches of the dungeon, and saw 15 of its levels.

You collected 980 gold pieces.
You spent 268 gold pieces at shops.

Inventory:

Hand Weapons
 G - a +2 rapier of venom
 L - a +3 rapier of protection
Missiles
 i - 2 throwing nets (quivered)
Armour
 t - a +3 leather armour (worn)
 x - a +2 cloak of poison resistance
 Q - the +1 cloak "Eckaff" (worn) {Int+3}
   (You found it on level 2 of the Lair of Beasts)

   It affects your intelligence (+3).
Rods
 U - a -2 rod of clouds (10/10) (in hand)
   (You found it on level 3 of the Lair of Beasts)
Jewellery
 m - a +3 ring of intelligence (right hand)
 q - a ring of resist corrosion (left hand)
 H - an amulet of the gourmand (around neck)
Wands
 o - a wand of slowing (37/48)
 s - a wand of flame (24/48)
 u - a wand of slowing (22/48)
 I - a wand of slowing (23/48)
 K - a wand of flame (21/48)
 P - a wand of teleportation (1/9)
 S - a wand of paralysis (8/24)
Scrolls
 a - a scroll of silence
 e - 3 scrolls of magic mapping
 j - 2 scrolls of teleportation
 n - 5 scrolls of fog
 p - 6 scrolls of amnesia
 r - 2 scrolls of recharging
 y - 2 scrolls of remove curse
 F - 3 scrolls of noise
 R - a scroll of immolation
Potions
 b - a potion of lignification {unknown}
 g - 2 potions of cure mutation
 h - a potion of magic
 l - 2 potions of haste
 v - 3 potions of curing
 z - a potion of berserk rage
 B - a potion of brilliance
 C - 4 potions of flight
 D - a potion of heal wounds
 E - a potion of mutation
 J - a potion of resistance
 M - a potion of might
 N - a potion of cancellation
 O - 3 potions of ambrosia {unknown}
Comestibles
 c - 11 bread rations
 d - 8 slices of pizza
 f - 15 fruits
 k - 5 meat rations
 w - 2 beef jerkies
 T - 7 chunks of flesh


   Skills:
 + Level 6.6 Fighting
 + Level 6.2 Armour
 + Level 9.8 Dodging
 - Level 2.1 Stealth
 + Level 9.6 Spellcasting
 + Level 7.2 Conjurations
 + Level 6.3 Hexes
 + Level 5.5 Translocations
 * Level 10.4 Fire Magic
 + Level 0.7 Earth Magic


You had 3 spell levels left.
You knew the following spells:

 Your Spells              Type           Power        Failure   Level  Hunger
a - Flame Tongue          Conj/Fire      #####        1%          1    None
b - Throw Flame           Conj/Fire      ######       1%          2    None
c - Conjure Flame         Conj/Fire      ######..     1%          3    None
d - Inner Flame           Hex/Fire       ######..     1%          3    None
e - Sticky Flame          Conj/Fire      ######..     1%          4    None
f - Fireball              Conj/Fire      ######....   2%          5    ###....
g - Confuse               Hex            ######..     2%          3    None
h - Gell's Gravitas       Hex/Tloc       ######....   2%          3    None
i - Stone Arrow           Conj/Erth      #####.       1%          3    None


Dungeon Overview and Level Annotations

Branches:
Dungeon (11/15)            Temple (1/1) D:6            Lair (3/8) D:10
  Swamp: Lair:3-6    Shoals: Lair:3-6     Snake: Lair:3-6    Spider: Lair:3-6
    Orc: D:9-12

Altars:
Ashenzari
Cheibriados
Dithmenos
Elyvilon
Fedhas
Gozag
Kikubaaqudgha
Makhleb
Nemelex Xobeh
Okawaru
Pakellas
Qazlal
Ru
Sif Muna
Trog
Vehumet
Xom
Yredelemnul
Zin
The Shining One

Shops:
D:4 !   D:7 :?%((

Annotations:
D:11 Zhenya25pyc's ghost, journeyman GrFi


Innate Abilities, Weirdness & Mutations

You are partially covered in yellow scales (AC +2).
You can translocate small distances at will.
You possess an exceptional clarity of mind.
You are somewhat resistant to further mutation.
Your spells are a little harder to cast, but a little more powerful.


Message History

The seven-headed hydra resists with some effort.
The seven-headed hydra closely misses you.
The seven-headed hydra bites you but does no damage. x2
The seven-headed hydra completely misses you.
The seven-headed hydra barely misses you.
The seven-headed hydra bites you.
The seven-headed hydra completely misses you.
A water moccasin comes into view.
The water moccasin moves out of view.
Read which item? (? for menu, Esc to quit)
As you read the scroll of teleportation, it crumbles to dust.
You feel strangely unstable.
The water moccasin hisses angrily.
Unknown command.
The seven-headed hydra bites you!
* * * LOW HITPOINT WARNING * * *
The seven-headed hydra misses you. The seven-headed hydra bites you.
* * * LOW HITPOINT WARNING * * *
The seven-headed hydra misses you. The seven-headed hydra bites you!
You die...

....P.##....##......#.#.##.......
..........<........##..##..P#....
...........................##PP##
..............................P##
.................................
.................................
.............S...[...............
...............................##
...............D@.......#..#####
.....................####.##
..##.#.#.##.##.......# ##
#########.#####......# ##
##......# ##......# .......
##..... ....


You could see a seven-headed hydra and a water moccasin.

Vanquished Creatures
  Harold (D:10)
  A centaur warrior (D:10)
  Erica (D:10)
  2 hill giants (D:10)
  Pikel (D:9)
  A griffon (Lair:3)
  Joseph (D:9)
  A black mamba (Lair:1)
  A gargoyle (D:10)
  3 spiny frogs
  A komodo dragon (Lair:1)
  A rime drake (Lair:3)
  A troll (D:10)
  Grinder (D:6)
  4 blink frogs (Lair:2)
  A wraith (D:10)
  21 yaks
  3 hungry ghosts
  A warg (Lair:3)
  5 hippogriffs
  8 water moccasins
  4 porcupines
  3 ice beasts
  6 orc warriors
  7 sky beasts
  2 black bears
  9 wolves (Lair:3)
  2 phantoms (D:10)
  7 ogres
  A crocodile (Lair:1)
  3 centaurs (D:10)
  A big kobold (D:10)
  A gnoll sergeant (D:10)
  11 giant frogs
  4 scorpions
  A wyvern skeleton (D:9)
  4 killer bees (D:11)
  25 wights
  2 howler monkeys (D:11)
  A wasp zombie (D:10)
  8 crimson imps
  2 quasits
  A centaur zombie (D:9)
  9 hounds
  3 giant frog skeletons
  A centaur skeleton (D:10)
  3 orc priests
  3 jellies
  5 orc wizards
  17 iguanas
  11 hell rats (Lair:1)
  7 worker ants
  11 sheep
  A howler monkey zombie (D:11)
  A worker ant zombie (D:7)
  5 gnolls (D:10)
  11 adders
  A howler monkey skeleton (D:10)
  63 river rats
  2 shadow imps
  3 oozes
  7 worms
  A dart slug (D:2)
  4 giant geckos
  31 orcs
  2 ball pythons
  6 giant cockroaches
  8 goblins
  5 hobgoblins
  4 jackals
  8 quokkas
  A ball python skeleton (D:4)
  9 bats
  2 giant gecko zombies
  7 giant newts
  A jackal zombie (D:8)
  11 kobolds
  A quokka skeleton (D:9)
  18 rats
448 creatures vanquished.

Vanquished Creatures (others)
  3 slaves (D:9)
  A giant frog (D:9)
  An orc wizard (D:4)
  An orc (D:9)
  A goblin (D:9)
  5 fungi
  3 plants
15 creatures vanquished.

Grand Total: 463 creatures vanquished

Notes
Turn   | Place    | Note
--------------------------------------------------------------
     0 | D:1      | Kidiri the High Elf Fire Elementalist began the quest for the Orb.
     0 | D:1      | Reached XP level 1. HP: 11/11 MP: 4/4
   456 | D:1      | Reached XP level 2. HP: 18/18 MP: 3/6
   462 | D:1      | Learned a level 2 spell: Throw Flame
  1047 | D:2      | Reached skill level 1 in Fighting
  1047 | D:2      | Reached XP level 3. HP: 21/23 MP: 2/8
  1052 | D:2      | Learned a level 3 spell: Inner Flame
  1181 | D:2      | Gained mutation: You are partially covered in yellow scales (AC +2). [potion of mutation]
  1181 | D:2      | Gained mutation: You can translocate small distances at will. [potion of mutation]
  1181 | D:2      | Gained mutation: You are frail (-10% HP). [potion of mutation]
  1182 | D:2      | Gained mutation: You possess an exceptional clarity of mind. [potion of mutation]
  1182 | D:2      | Gained mutation: Your spells are a little harder to cast, but a little more powerful. [potion of mutation]
  1182 | D:2      | Lost mutation: You are frail (-10% HP). [potion of mutation]
  1529 | D:2      | Reached XP level 4. HP: 28/28 MP: 2/9
  1534 | D:2      | Learned a level 3 spell: Conjure Flame
  2217 | D:3      | Found a shattered altar of Ashenzari.
  2227 | D:3      | Reached skill level 1 in Armour
  2544 | D:3      | Reached XP level 5. HP: 33/33 MP: 3/11
  3288 | D:4      | Found an oddly glowing altar of Pakellas.
  3306 | D:4      | Reached skill level 4 in Fire Magic
  3570 | D:4      | Found a deep blue altar of Sif Muna.
  3755 | D:4      | Noticed an ogre
  3758 | D:4      | Killed an ogre
  3758 | D:4      | Reached XP level 6. HP: 39/39 MP: 8/12
  3775 | D:4      | Found Siutzidd's Distillery.
  3801 | D:4      | Bought a potion of brilliance for 48 gold pieces
  3801 | D:4      | Bought a potion of flight for 36 gold pieces
  3801 | D:4      | Bought a potion of heal wounds for 60 gold pieces
  3854 | D:4      | Reached skill level 1 in Hexes
  3981 | D:4      | Found an ancient bone altar of Kikubaaqudgha.
  4073 | D:4      | Reached XP level 7. HP: 45/45 MP: 9/14
  4197 | D:4      | Learned a level 4 spell: Sticky Flame
  4338 | D:5      | Entered Level 5 of the Dungeon
  5124 | D:6      | Reached skill level 5 in Fire Magic
  5437 | D:6      | Found a staircase to the Ecumenical Temple.
  5443 | D:6      | Reached skill level 5 in Spellcasting
  5461 | Temple   | Entered the Ecumenical Temple
  5587 | D:6      | Reached XP level 8. HP: 52/52 MP: 6/16
  5748 | D:6      | Noticed Grinder
  5755 | D:6      | Killed Grinder
  5755 | D:6      | Reached skill level 5 in Dodging
  5921 | D:6      | Learned a level 5 spell: Fireball
  6713 | D:6      | Reached skill level 6 in Fire Magic
  6935 | D:6      | Found a white marble altar of Elyvilon.
  7240 | D:6      | Found a shimmering altar of Xom.
  7284 | D:7      | Found Iloaveatt's Book Shop.
  7426 | D:7      | Found Sessim's Magic Scroll Shop.
  7493 | D:7      | Reached XP level 9. HP: 42/57 MP: 3/19
  8010 | D:7      | Found Leorgh's Food Shop.
  8053 | D:7      | Gained mutation: You are somewhat resistant to further mutation. [mutagenic meat]
  8170 | D:7      | Found Giequevi's Antique Weapon Boutique.
  8246 | D:7      | Bought a runed rapier for 124 gold pieces
  8454 | D:7      | Learned a level 3 spell: Confuse
  8499 | D:7      | Found Kur Giogupe's Weapon Boutique.
  8809 | D:7      | Found an opulent altar of Gozag.
  8811 | D:7      | Found a stormy altar of Qazlal.
 10431 | D:9      | Noticed Joseph
 11025 | D:9      | Reached skill level 7 in Fire Magic
 11170 | D:9      | Noticed Pikel
 11187 | D:9      | Killed Pikel
 11187 | D:9      | Reached XP level 10. HP: 48/65 MP: 8/22
 11301 | D:9      | Learned a level 3 spell: Gell's Gravitas
 11416 | D:9      | Found a radiant altar of Vehumet.
 11434 | D:9      | Killed Joseph
 11447 | D:9      | Became a worshipper of Vehumet
 11747 | D:9      | Found a glowing silver altar of Zin.
 11877 | D:10     | Entered Level 10 of the Dungeon
 11881 | D:10     | Reached skill level 1 in Translocations
 12015 | D:9      | Reached skill level 5 in Conjurations
 12799 | D:10     | Noticed Harold
 12805 | D:10     | Noticed a hill giant
 12816 | D:10     | HP: 2/65 [Harold/bolt of fire (24)]
 13350 | D:10     | Reached skill level 8 in Fire Magic
 13438 | D:10     | Noticed a gargoyle
 13450 | D:10     | Noticed a centaur warrior
 13796 | D:10     | Noticed a hill giant
 13806 | D:10     | Killed a hill giant
 13806 | D:10     | Reached skill level 5 in Fighting
 14621 | D:10     | Killed a centaur warrior
 14621 | D:10     | Reached XP level 11. HP: 12/71 MP: 9/24
 14622 | D:10     | HP: 3/71 [iguana (10)]
 15209 | D:10     | Reached skill level 5 in Hexes
 15283 | D:10     | Reached * piety under Vehumet
 15283 | D:10     | Offered knowledge of Sting by Vehumet.
 15442 | D:10     | Noticed Erica
 15756 | D:10     | Killed Erica
 15756 | D:10     | Reached skill level 5 in Armour
 15971 | D:10     | Killed a hill giant
 16114 | D:10     | Reached skill level 9 in Fire Magic
 16324 | D:10     | Killed Harold
 17210 | D:10     | Found a staircase to the Lair.
 17460 | D:11     | Noticed Zhenya25pyc's ghost (journeyman GrFi)
 17735 | D:11     | Reached ** piety under Vehumet
 17735 | D:11     | Offered knowledge of Throw Frost by Vehumet.
 19047 | Lair:1   | Entered Level 1 of the Lair of Beasts
 19793 | Lair:1   | Offered knowledge of Stone Arrow by Vehumet.
 19838 | Lair:1   | Learned a level 3 spell: Stone Arrow
 20085 | Lair:1   | Reached *** piety under Vehumet
 21086 | Lair:1   | Offered knowledge of Olgreb's Toxic Radiance by Vehumet.
 21086 | Lair:1   | Reached XP level 12. HP: 79/79 MP: 20/26
 21694 | Lair:2   | Got a scorched cloak
 21700 | Lair:2   | Identified the +1 cloak "Eckaff" {Int+3} (You found it on level 2 of the Lair of Beasts)
 22372 | Lair:2   | Reached **** piety under Vehumet
 22435 | Lair:2   | Reached skill level 5 in Translocations
 22448 | Lair:2   | Offered knowledge of Lightning Bolt by Vehumet.
 22777 | Lair:2   | Reached skill level 10 in Fire Magic
 24797 | Lair:3   | Identified a scroll of acquirement
 24857 | Lair:3   | Identified a -2 rod of clouds (10/10) (You found it on level 3 of the Lair of Beasts)
 24890 | Lair:3   | Noticed a seven-headed hydra
 24909 | Lair:3   | Slain by a seven-headed hydra

Vault maps used:
D:1:      mrwooster_arrival_statue_3
D:2:      hangedman_decor_peaks_small
D:3:      serial_corexii_hall, corexii_hall_statues_i, corexii_hall_statues_i,
          minmay_misc_feat_rows, ashenzari_altar_1
D:4:      led_sif_book, overflow_temple_1_default, serial_shops,
          kennysheep_mini_moat, serial_curves, eino_curves_04, eino_curves_02,
          first_bread, grunt_pakellas_basics
D:5:      grunt_ministairs_1
D:6:      nicolae_overflow_crystal_walls, lemuel_coloured_pillars_altar,
          minmay_temple_entry_large_hall, uniq_grinder
D:7:      nicolae_overflow_hidden_temple, serial_shops, nicolae_shop_trees,
          shop, shop, nicolae_shop_waterfront, shop, grunt_ogre_cave
D:9:      vehumet_altar_wand_db, kennysheep_mini, uniq_pikel, uniq_joseph
D:10:     hangedman_cross_cluster, lair_0_dummy, uniq_erica, uniq_harold
Temple:   zaba_magenta_temple_12
Lair:1:   lemuel_ratsnest, beast_lair_carwin_10, serial_bayou_shore_b,
          grunt_megastairs_1, lemuel_fruit_tree, lemuel_fruit_fields
Lair:2:   grunt_megastairs_5, infiniplex_staircase_pool_2
Lair:3:   beast_lair_carwin_large_3, lemuel_fruit_fields

Skill      XL: |  1  2  3  4  5  6  7  8  9 10 11 12 |
---------------+-------------------------------------+-----
Fighting       | 1 2 3 4 5 6 |  6.6
Spellcasting   | 3 4 5 6 7 8 9 |  9.6
Armour         | 1 2 3 4 5 6 |  6.2
Dodging        | 3 4 6 7 8 9 |  9.8
Fire Magic     | 4 5 6 7 8 9 10 | 10.4
Conjurations   | 2 3 4 5 6 7 |  7.2
Hexes          | 1 2 3 4 5 6 |  6.3
Translocations | 2 4 5 |  5.5
Stealth        | |  2.1
Earth Magic    | |  0.7

Action                   |  1- 3 |  4- 6 |  7- 9 | 10-12 || total
-------------------------+-------+-------+-------+-------++-------
Melee: Unarmed           |     6 |       |       |       ||     6
       Dagger            |     6 |    37 |    30 |       ||    73
       Rapier            |       |       |   167 |   270 ||   437
Throw: Throwing net      |       |       |       |     2 ||     2
 Cast: Flame Tongue      |    47 |    69 |   144 |   527 ||   787
       Throw Flame       |    14 |    26 |    39 |   108 ||   187
       Conjure Flame     |       |     3 |     4 |    11 ||    18
       Inner Flame       |       |     1 |     3 |     5 ||     9
       Sticky Flame      |       |       |    18 |   101 ||   119
       Fireball          |       |       |       |    12 ||    12
       Confuse           |       |       |       |    17 ||    17
Evoke: Wand              |       |     3 |       |     1 ||     4
  Use: Scroll            |     6 |     4 |     6 |    22 ||    38
       Potion            |     3 |       |     1 |     3 ||     7
 Stab: Sleeping          |       |     5 |     4 |     3 ||    12
       Held in net/web   |       |       |       |     3 ||     3
       Confused          |       |       |       |     6 ||     6
  Eat: Chunk             |     2 |     6 |    22 |    61 ||    91
       Bread ration      |       |     1 |       |       ||     1
       Meat ration       |       |       |     1 |       ||     1
       Beef jerky        |       |       |     7 |     1 ||     8
Armor: Robe              |     8 |     8 |       |       ||    16
       Leather armour    |       |     6 |    84 |   184 ||   274
Dodge: Dodged            |    25 |    47 |   217 |   512 ||   801
